 Seeded DCSS version 0.28-a0-1567-g1695149f81 (webtiles) character file.

Game seed: 335 (custom seed)

26 knot the Chopper (level 2, -3/24 HPs)
             Began as a Demonspawn Berserker on Jan 19, 2022.
             Was a Follower of Trog.
             Slain by Sigmund (8 damage)
             ... on level 2 of the Dungeon.
             The game lasted 00:00:50 (1805 turns).

knot the Chopper (Demonspawn Berserker)             Turns: 1805, Time: 00:00:51

Health: -3/24      AC:  0    Str: 17    XL:     2   Next: 89%
Magic:  2/2        EV: 12    Int:  8    God:    Trog [*.....]
Gold:   69         SH:  0    Dex: 12    Spells: 1/1 levels left

rFire   . . .      SeeInvis .   a - +0 hand axe
rCold   . . .      Faith    .   (no shield)
rNeg    . . .      Spirit   .   (no armour)
rPois   .          Reflect  .   (no helmet)
rElec   .          Harm     .   (no cloak)
rCorr   .          Rampage  .   (no gloves)
Will    .....                   (no boots)
Stlth   +.........              (no amulet)
HPRegen 0.08/turn               (no ring)
MPRegen 0.08/turn               (no ring)

@: no status effects
A: hooves 1
a: Renounce Religion, Berserk


You were on level 2 of the Dungeon.
You worshipped Trog.
Trog was aware of your devotion.
You visited 1 branch of the dungeon, and saw 2 of its levels.

You collected 69 gold pieces.

Inventory:

Hand Weapons
 a - a +0 hand axe (weapon)
Missiles
 e - 29 stones (quivered)
Armour
 b - a +0 animal skin
 c - a +0 ring mail
Scrolls
 d - a scroll of silence {unknown}
 g - 2 scrolls of teleportation {unknown}
Potions
 f - a potion of degeneration {unknown}


   Skills:
 - Level 3.0 Fighting
 + Level 3.8 Axes
 - Level 1.7 Armour
 - Level 1.7 Dodging


You had one spell level left.
You didn't know any spells.
Your spell library was empty.

Dungeon Overview and Level Annotations

Branches:
Dungeon (2/15)

Altars:

Annotations:
D:2 Sigmund


Innate Abilities, Weirdness & Mutations

You have large cloven feet.


Message History

You kill the goblin!
Trog accepts your kill.
No target in view!
No target in view!
You now have 69 gold pieces (gained 8).
You see here a +0 club.
No target in view!
Sigmund, a kobold and a ball python come into view.
Sigmund is wielding a +0 scythe and wearing a +2 robe of positive energy.
The kobold shouts!
The ball python hisses angrily.
You hear a shout!
The ball python moves out of view.
The kobold closely misses you.
There are monsters nearby!
You hit the kobold. Your kick misses the kobold.
The kobold is severely wounded.
A kobold comes into view. It is wielding a +0 dagger.
Sigmund misses you. The kobold closely misses you.
You hit the kobold.
You kill the kobold!
Trog accepts your kill. Sigmund closely misses you.
Things that are here:
a +0 whip; 3 stones; a kobold corpse You hit Sigmund.
Your kick misses Sigmund.
Sigmund is lightly wounded.
Sigmund casts a spell.
Sigmund flickers and vanishes!
Deactivating autopickup; reactivate with Ctrl-A.
Unknown command.
You fail to use your ability.
The kobold throws a stone.
The stone hits you. Something hits you!
Ouch! That really hurt!
You barely miss something. Something completely misses you.
The kobold throws a stone.
The stone hits you.
* * * LOW HITPOINT WARNING * * *
You miss something. Your kick misses something.
The kobold throws a stone.
The stone hits you.
* * * LOW HITPOINT WARNING * * *
Something hits you!
You die...

.. ####### ###. ....... ...
....... #.###..... # # #..<#KS.
..## #.#...#{# .... #.....@.#
.... ###.#.######### ....
#.............. ....
############..###############
.............................#
.#...........................#.
#.#........8.......8........#.#
#.#.................).....#.##
#.#.....8.........8.....#.##


You could see a ball python and a kobold.

Vanquished Creatures
  A dart slug (D:1)
  3 endoplasms (D:1)
  2 giant cockroaches (D:1)
  4 goblins
  2 hobgoblins (D:1)
  A ball python (D:1)
  2 bats (D:1)
  2 frilled lizards (D:1)
  5 kobolds
  2 rats
24 creatures vanquished.

Notes
Turn   | Place    | Note
-------+----------+-------------------------------------------
     0 | D:1      | knot the Demonspawn Berserker began the quest for the Orb.
     0 | D:1      | Reached XP level 1. HP: 18/18 MP: 1/1
   287 | D:1      | Gained mutation: You have large cloven feet. [demonic
                  | ancestry]
   287 | D:1      | Reached XP level 2. HP: 17/24 MP: 2/2
  1534 | D:1      | Found a faded altar of an unknown god.
  1797 | D:2      | Noticed Sigmund
  1805 | D:2      | Slain by Sigmund

Illustrated notes

Levels and vault maps discovered:
D:1:      sevenhm_arrival_forest_fort_small_5, layout_loops_corners,
          shapermc_ecumenical_altar_mp_vishouse, grunt_decor_cap,
          minmay_misc_feat_secret_circle
D:2:      wad_pebble_path, layout_basic, minmay_misc_feat_square,
          kennysheep_nondescript, supply_closet_lemuel, uniq_sigmund

Skill      XL: |  1 |
---------------+----+-----
Axes           | 3 |  3.8
Fighting       | |  3.0
Armour         | |  1.7
Dodging        | |  1.7

Action                   || total
-------------------------++-------
Melee: Hand axe          ||    52
       Punch             ||     1
       Kick              ||    13
Invok: Berserk           ||     1
 Stab: Sleeping          ||     1
Armor: Animal skin       ||     4
Dodge: Dodged            ||    35

Table legend: (Time is in decaauts)
 A = Elapsed time spent in this place.
 B = Non-inter-level travel time spent in this place.
 C = Inter-level travel time spent in this place.
 D = Time resting spent in this place.
 E = Time spent auto-exploring this place.
 F = Levels seen in this place.
 G = Mean time per level.
                   A        B        C        D        E       F      G
               +--------+--------+--------+--------+--------+-----+--------+
         Total |   1831 |   1810 |     21 |    262 |   1395 |   2 |  915.5 |
       Dungeon |   1831 |   1810 |     21 |    262 |   1395 |   2 |  915.5 |
               +--------+--------+--------+--------+--------+-----+--------+

Top non-repeatable levels by time:
     D:1: 1595 daAuts
     D:2: 236 daAuts
